 Dungeon Crawl Stone Soup version 0.28-a0-630-g0357d9c091 (webtiles) character file.

Game seed: 14422211594613695254

2340 Gargoyl the Skirmisher (level 9, -2/74 HPs)
             Began as a Gnoll Abyssal Knight on Oct 9, 2021.
             Was a Priest of Lugonu.
             Killed from afar by Maggie (22 damage)
             ... with a bolt of fire
             ... on level 7 of the Dungeon.
             The game lasted 00:09:05 (7159 turns).

Gargoyl the Skirmisher (Gnoll Abyssal Knight)       Turns: 7159, Time: 00:09:06

Health: -2/74      AC: 18    Str: 16    XL:     9   Next: 43%
Magic:  15/15      EV:  6    Int: 10    God:    Lugonu [***...]
Gold:   1554       SH:  0    Dex: 12    Spells: 16/16 levels left

rFire   . . .      SeeInvis .   a - +3 hand axe (vorpal)
rCold   . . .      Faith    .   (no shield)
rNeg    . . .      Spirit   .   d - +0 plate armour
rPois   +          Reflect  .   (helmet restricted)
rElec   .          Harm     .   e - +2 cloak
rCorr   .          Rampage  .   (no gloves)
Will    .....                   m - +1 pair of boots
Stlth   ..........              (no amulet)
HPRegen 0.22/turn               j - ring of poison resistance
MPRegen 0.14/turn               (no ring)

@: no status effects
A: fangs 1, strong nose, distributed training, antennae 1, hooves 1
a: Renounce Religion, Depart the Abyss, Bend Space, Banish


You were on level 7 of the Dungeon.
You worshipped Lugonu.
Lugonu was most pleased with you.
You visited 1 branch of the dungeon, and saw 7 of its levels.
You visited the Abyss 1 time.

You collected 1554 gold pieces.

Inventory:

Hand Weapons
 a - a +3 vorpal hand axe (weapon)
Missiles
 h - 14 poisoned darts (quivered)
Armour
 d - a +0 plate armour (worn)
 e - a +2 cloak (worn)
 m - a +1 pair of boots (worn)
Jewellery
 j - a ring of poison resistance (left hand)
Scrolls
 k - a scroll of fog
 q - a scroll of fear
Potions
 b - a potion of heal wounds
 f - a potion of cancellation {unknown}
 g - a potion of haste
 i - 2 potions of attraction
 l - a potion of curing
 n - a potion of lignification {unknown}
 o - 2 potions of brilliance
 s - a potion of degeneration {unknown}


   Skills:
 + Level 7.9 Fighting
 + Level 4.2 Short Blades
 + Level 4.2 Long Blades
 + Level 6.3 Axes
 + Level 4.2 Maces & Flails
 + Level 4.2 Polearms
 + Level 4.2 Staves
 + Level 4.2 Slings
 + Level 4.2 Bows
 + Level 4.2 Crossbows
 + Level 4.2 Throwing
 + Level 6.3 Armour
 + Level 5.0 Dodging
 + Level 4.2 Stealth
 + Level 4.2 Shields
 + Level 4.2 Unarmed Combat
 + Level 4.2 Spellcasting
 + Level 3.5 Conjurations
 + Level 3.5 Hexes
 + Level 3.5 Summonings
 + Level 3.5 Necromancy
 + Level 3.5 Translocations
 + Level 3.5 Transmutations
 + Level 3.5 Fire Magic
 + Level 3.5 Ice Magic
 + Level 3.5 Air Magic
 + Level 3.5 Earth Magic
 + Level 3.5 Poison Magic
 + Level 6.6 Invocations
 + Level 4.2 Evocations


You had 16 spell levels left.
You didn't know any spells.
Your spell library contained the following spells:

 Spells                   Type           Power      Damage    Failure   Level
 Slow                     Hex            9%         N/A       99%         2
 Confusing Touch          Hex            9%         N/A       100%        3
 Vampiric Draining        Necr           4%         2d6       100%        3


Dungeon Overview and Level Annotations

Branches:
Dungeon (7/15)             Temple (0/1) D:4

Altars:
Ashenzari
Gozag
Hepliaklqana
Makhleb
Xom

Shops:
D:3 (

Annotations:
D:7 Maggie


Innate Abilities, Weirdness & Mutations

You have very sharp teeth.
Your uncanny sense of smell can sniff out nearby items.
Your experience applies equally to all skills.
You have a pair of small antennae on your head.
You have large cloven feet.


Message History

You slash Maggie! You bite Maggie, but do no damage.
Maggie is lightly wounded.
Maggie barely misses you.
You hit Maggie.
Maggie is moderately wounded.
Maggie hits you but does no damage.
You hit Maggie.
Maggie is moderately wounded.
Maggie hits you with a +0 broad axe!
You hit Maggie but do no damage. Your bite misses Maggie.
Maggie is moderately wounded.
Maggie hits you but does no damage.
You hit Maggie.
Maggie is heavily wounded.
Maggie hits you with a +0 broad axe.
You hit Maggie.
Maggie is heavily wounded.
Maggie hits you with a +0 broad axe.
Your plate armour prevents you from hitting Maggie.
You bite Maggie.
Maggie is heavily wounded.
Maggie hits you but does no damage.
You hit Maggie.
Maggie is severely wounded.
Maggie mumbles the words to a spell, but in the wrong order.
Maggie hits you but does no damage.
You hit Maggie but do no damage.
Maggie is heavily wounded.
Maggie casts a spell at you. The bolt of fire hits you!!
* * * LOW HITPOINT WARNING * * *
You hit Maggie.
Maggie is severely wounded.
Maggie says, "How do the people who live here stand the isolation?"
Maggie barely misses you.
You hit Maggie but do no damage.
Maggie is severely wounded.
Maggie gestures at you while chanting. The bolt of fire hits you!!
You die...

.....#........
.............
............
...........
....)...#. #
##........# #..
#..........
.....##.<....#.
......@@.....≈..
...##.......≈≈≈≈
##....≈≈≈.##
#.#..#...#
#.##....## ..
...... ##.
...... .. ...##


You could see Maggie.

Vanquished Creatures
  Sigmund (D:6)
  An ice beast (D:6)
  An orc warrior (D:6)
  A sky beast (D:6)
  A necrophage (D:5)
  An ogre (D:6)
  A phantom (D:6)
  Blork the orc (D:5)
  3 bullfrogs
  A water moccasin zombie (D:5)
  A gnoll sergeant (D:6)
  3 scorpions (D:6)
  A water moccasin skeleton (D:6)
  2 bullfrog zombies (D:4)
  A centaur zombie (D:5)
  2 bullfrog skeletons
  A gnoll shaman (D:7)
  An orc priest (D:6)
  3 scorpion zombies (D:4)
  2 orc wizards
  2 hound skeletons (D:4)
  A howler monkey skeleton (D:4)
  8 gnolls
  6 adders
  A white imp (D:6)
  An ufetubus (D:6)
  An adder skeleton (D:4)
  An adder zombie (D:4)
  A worm (D:2)
  A dart slug (D:3)
  8 orcs
  3 ball pythons
  3 endoplasms
  5 giant cockroaches
  12 goblins
  9 hobgoblins
  5 quokkas
  7 bats
  3 frilled lizards
  8 kobolds
  6 rats
121 creatures vanquished.

Vanquished Creatures (collateral kills)
  2 hound zombies (D:4)
  An orc (D:4)
3 creatures vanquished.

Vanquished Creatures (others)
  3 plants (D:3)
  2 withered plants (D:4)
5 creatures vanquished.

Grand Total: 129 creatures vanquished

Notes
Turn   | Place    | Note
-------+----------+-------------------------------------------
     0 | Abyss:1  | Gargoyl the Gnoll Abyssal Knight began the quest for the
                  | Orb.
     0 | Abyss:1  | Reached XP level 1. HP: 23/23 MP: 3/3
   147 | Abyss:2  | Noticed an ancient zyme
   159 | Abyss:2  | Noticed a raiju
   162 | D:1      | Escaped the Abyss
   274 | D:1      | Reached * piety under Lugonu
   361 | D:1      | Reached XP level 2. HP: 29/29 MP: 5/5
   513 | D:1      | Found a faded altar of an unknown god.
   736 | D:1      | Reached XP level 3. HP: 35/35 MP: 6/6
   922 | D:2      | Found a burning altar of Makhleb.
  1059 | D:2      | Reached skill level 1 in Short Blades
  1059 | D:2      | Reached skill level 1 in Long Blades
  1059 | D:2      | Reached skill level 1 in Maces & Flails
  1059 | D:2      | Reached skill level 1 in Polearms
  1059 | D:2      | Reached skill level 1 in Staves
  1059 | D:2      | Reached skill level 1 in Slings
  1059 | D:2      | Reached skill level 1 in Bows
  1059 | D:2      | Reached skill level 1 in Crossbows
  1059 | D:2      | Reached skill level 1 in Throwing
  1059 | D:2      | Reached skill level 1 in Stealth
  1059 | D:2      | Reached skill level 1 in Shields
  1059 | D:2      | Reached skill level 1 in Unarmed Combat
  1059 | D:2      | Reached skill level 1 in Spellcasting
  1059 | D:2      | Reached skill level 1 in Evocations
  1079 | D:2      | Reached XP level 4. HP: 3/41 MP: 7/7
  1247 | D:2      | Reached ** piety under Lugonu
  1883 | D:3      | Reached skill level 1 in Conjurations
  1883 | D:3      | Reached skill level 1 in Hexes
  1883 | D:3      | Reached skill level 1 in Summonings
  1883 | D:3      | Reached skill level 1 in Necromancy
  1883 | D:3      | Reached skill level 1 in Translocations
  1883 | D:3      | Reached skill level 1 in Transmutations
  1883 | D:3      | Reached skill level 1 in Fire Magic
  1883 | D:3      | Reached skill level 1 in Ice Magic
  1883 | D:3      | Reached skill level 1 in Air Magic
  1883 | D:3      | Reached skill level 1 in Earth Magic
  1883 | D:3      | Reached skill level 1 in Poison Magic
  1924 | D:3      | Found a hazy altar of Hepliaklqana.
  2466 | D:3      | Found a burning altar of Makhleb.
  2504 | D:3      | Found Newu's Weapon Shoppe.
  2737 | D:4      | Reached XP level 5. HP: 45/47 MP: 8/8
  2804 | D:4      | Reached skill level 5 in Invocations
  2804 | D:4      | Reached XP level 6. HP: 24/53 MP: 9/9
  3111 | D:4      | Identified the +0 leather armour of the Guardian {+Blink
                  | Dex+4}
  3211 | D:4      | Reached skill level 5 in Axes
  3211 | D:4      | Reached skill level 5 in Armour
  3483 | D:4      | Identified 3 scrolls of acquirement
  3483 | D:4      | Acquired 562 gold pieces
  3508 | D:4      | Acquired 763 gold pieces
  3510 | D:4      | Acquired a ring of poison resistance
  3536 | D:4      | Found a staircase to the Ecumenical Temple.
  3571 | D:4      | Reached *** piety under Lugonu
  3755 | D:4      | Found an opulent altar of Gozag.
  3758 | D:4      | Found a shimmering altar of Xom.
  3761 | D:4      | Found a broken altar of Ashenzari.
  3800 | D:5      | Entered Level 5 of the Dungeon
  3930 | D:5      | Reached skill level 7 in Fighting
  3930 | D:5      | Reached XP level 7. HP: 50/60 MP: 10/10
  4665 | D:5      | Noticed Blork the orc
  4689 | D:5      | Killed Blork the orc
  4690 | D:5      | Reached XP level 8. HP: 16/67 MP: 12/12
  4691 | D:5      | HP: 3/67 [acid (9)]
  5559 | D:5      | Noticed a rust devil
  5559 | D:5      | Noticed a rust devil
  5825 | D:6      | Identified the +0 ring mail of Indecent Exposure {+Inv
                  | Will+++ Slay-2 Stlth+}
  6438 | D:6      | Noticed Sigmund
  6444 | D:6      | Killed Sigmund
  6445 | D:6      | Reached XP level 9. HP: 73/73 MP: 14/14
  6586 | D:6      | Reached skill level 5 in Dodging
  7146 | D:7      | Noticed Maggie
  7148 | D:7      | Gained mutation: You have a pair of small antennae on your
                  | head. [potion of mutation]
  7148 | D:7      | Gained mutation: You have large cloven feet. [potion of
                  | mutation]
  7159 | D:7      | Killed from afar by Maggie

Illustrated notes

Levels and vault maps discovered:
D:1:      nzn_arrival_depleted_hourglass, layout_basic, basic_ecumenical_altar
D:2:      layout_loops_cross, basic_altar, st_stairs_13
D:3:      layout_basic, lemuel_crystal_altar, nicolae_hepliaklqana_hazy_memory,
          serial_shops, shop_statue, chequers_jeans
D:4:      layout_gridville, grunt_temple_overflow_diamond,
          minmay_temple_entry_hall, serial_undead, serial_undead_a,
          serial_undead_d, serial_undead_f, serial_undead_a
D:5:      cheibrodos_iron_armory, layout_loops_cross, dk_vineyard_3,
          grunt_ministairs_7, nicolae_underground_beach, uniq_blork_the_orc
D:6:      layout_basic, uniq_sigmund
D:7:      layout_cave_pools, serial_rivers, chequers_serial_rivers_micro_d,
          chequers_serial_rivers_small_a, chequers_serial_rivers_large_a,
          chequers_serial_rivers_marsh, uniq_harold, uniq_maggie

Skill      XL: |  1  2  3  4  5  6  7  8  9 |
---------------+----------------------------+-----
Short Blades   | 1 2 3 4 |  4.2
Long Blades    | 1 2 3 4 |  4.2
Maces & Flails | 1 2 3 4 |  4.2
Polearms       | 1 2 3 4 |  4.2
Staves         | 1 2 3 4 |  4.2
Slings         | 1 2 3 4 |  4.2
Bows           | 1 2 3 4 |  4.2
Crossbows      | 1 2 3 4 |  4.2
Throwing       | 1 2 3 4 |  4.2
Stealth        | 1 2 3 4 |  4.2
Shields        | 1 2 3 4 |  4.2
Unarmed Combat | 1 2 3 4 |  4.2
Spellcasting   | 1 2 3 4 |  4.2
Evocations     | 1 2 3 4 |  4.2
Conjurations   | 1 2 3 |  3.5
Hexes          | 1 2 3 |  3.5
Summonings     | 1 2 3 |  3.5
Necromancy     | 1 2 3 |  3.5
Translocations | 1 2 3 |  3.5
Transmutations | 1 2 3 |  3.5
Fire Magic     | 1 2 3 |  3.5
Ice Magic      | 1 2 3 |  3.5
Air Magic      | 1 2 3 |  3.5
Earth Magic    | 1 2 3 |  3.5
Poison Magic   | 1 2 3 |  3.5
Dodging        | 3 4 5 |  5.0
Invocations    | 5 6 |  6.6
Axes           | 5 6 |  6.3
Armour         | 5 6 |  6.3
Fighting       | 7 |  7.9

Action                   |  1- 3 |  4- 6 |  7- 9 || total
-------------------------+-------+-------+-------++-------
Melee: Hand axe          |   117 |   206 |   191 ||   514
       Bite              |     6 |    31 |    14 ||    51
       Punch             |       |     3 |     3 ||     6
Throw: Dart              |       |       |    18 ||    18
Invok: Depart the Abyss  |     1 |       |       ||     1
       Banish            |       |       |     6 ||     6
  Use: Scroll            |     5 |    12 |     6 ||    23
       Potion            |     1 |     1 |     8 ||    10
Armor: Plate armour      |   115 |   198 |   171 ||   484
Dodge: Dodged            |    27 |    60 |    63 ||   150

Table legend: (Time is in decaauts)
 A = Elapsed time spent in this place.
 B = Non-inter-level travel time spent in this place.
 C = Inter-level travel time spent in this place.
 D = Time resting spent in this place.
 E = Time spent auto-exploring this place.
 F = Levels seen in this place.
 G = Mean time per level.
                   A        B        C        D        E       F      G
               +--------+--------+--------+--------+--------+-----+--------+
         Total |   7197 |   7052 |    145 |   1489 |   4130 |   9 |  799.7 |
       Dungeon |   7033 |   6888 |    145 |   1489 |   4028 |   7 | 1004.7 |
         Abyss |    163 |    163 |      0 |      0 |    102 |   2 |   81.5 |
               +--------+--------+--------+--------+--------+-----+--------+

Top non-repeatable levels by time:
     D:6: 1673 daAuts
     D:5: 1311 daAuts
     D:4: 1134 daAuts
     D:2: 914 daAuts
     D:3: 843 daAuts
     D:1: 765 daAuts
     D:7: 389 daAuts
 Abyss:1: 105 daAuts
 Abyss:2: 58 daAuts
